AoeStats
← PJRC

Black Forest

506141747Analyzed
3v3 RM · 19d ago on Sep 12, 2026· 37m 1s· 6 players
Game mode
Random Map
Map size
Normal (6 player)
Population
200
Speed
Normal
Resources
Standard
Victory
Conquest
Starting age
Dark Age
Ending age
Imperial Age
RankedLock teamsTeams togetherTeam positionsShared explorationLock speedFull tech treeHidden civsTurbo modeCheats
Victory
Defeat
🇪🇸 Franks · Spain
698
+8
🇮🇳 Turks · India
597
+12
🇪🇸 Teutons · Spain
546
+14
🇵🇹 Celts · Portugal
603
-15
🇬🇧 Teutons · United Kingdom
468
-10
🇹🇷 Mongols · Türkiye
431
-9
Pipyramidal
0:34 Loom
13:58 Feudal Age
15:26 Town Watch
16:29 Wheelbarrow
27:07 Castle Age
25:15 Double-Bit Axe
25:14 Horse Collar
25:54 Stone Mining
26:09 Gold Mining
Onurkdv
18:36 Feudal Age
PJRC
3:16 Loom
3:20 Loom
20:52 Feudal Age
20:56 Man-at-Arms
21:23 Arson
22:19 Horse Collar
22:27 Double-Bit Axe
29:35 Castle Age
28:56 Forging
28:46 Scale Mail Armor
29:01 Town Watch
29:36 Long Swordsman
32:06 Heavy Plow
34:07 Caravan
33:31 Pikeman
34:52 Wheelbarrow
34:09 Gold Mining
34:14 Stone Mining
34:38 Bow Saw
35:51 Fortified Wall
36:02 Ballistics
35:34 Gambesons
37:23 Fervor
s1R1Us
16:23 Feudal Age
16:49 Double-Bit Axe
16:46 Horse Collar
24:21 Castle Age
22:14 Stone Mining
22:19 Gold Mining
25:14 Bow Saw
30:11 Imperial Age
27:45 Fletching
28:23 Bodkin Arrow
31:00 Heavy Plow
32:04 Two-Man Saw
36:09 Wheelbarrow
36:27 Gold Shaft Mining
36:13 Conscription
35:55 Artillery
37:43 Thumb Ring
Archaon el Elegido
10:31 Loom
14:21 Feudal Age
14:38 Man-at-Arms
23:14 Forging
23:13 Scale Barding Armor
29:19 Castle Age
27:49 Gold Mining
27:51 Stone Mining
28:33 Fletching
33:39 Husbandry
34:17 Iron Casting
34:03 Chain Barding Armor
Wilson Winston
13:01 Feudal Age
16:16 Man-at-Arms
16:43 Arson
27:43 Castle Age
26:06 Scale Mail Armor
26:17 Forging
29:24 Squires
29:46 Chain Mail Armor
30:07 Iron Casting
29:16 Horse Collar
29:24 Double-Bit Axe
29:42 Gold Mining
29:55 Long Swordsman
34:32 Ironclad
35:02 Ballistics
34:53 Masonry
35:21 Wheelbarrow
Connection lost

Rejoining the realm…

Still unreachable

The connection could not be restored.

Session expired

The server has moved on; the page needs a fresh start.